 Dungeon Crawl Stone Soup version 0.29-a0-998-g1987434951 (webtiles) character file.

Game seed: 15187493113966760224

11 quixfox the Digger (level 2, -2/15 HPs)
             Began as a Gargoyle Earth Elementalist on Aug 5, 2022.
             Slain by Sigmund
             ... wielding a +0 scythe
              (10 damage)
             ... on level 2 of the Dungeon.
             The game lasted 00:01:31 (819 turns).

quixfox the Digger (Gargoyle Earth Elementalist)     Turns: 819, Time: 00:01:32

Health: -2/15      AC:  4    Str: 11    XL:     2   Next: 29%
Magic:  3/5        EV: 11    Int: 15    God:
Gold:   90         SH:  0    Dex: 10    Spells: 4/5 levels left

rFire   . . .      SeeInvis .   (no weapon)
rCold   . . .      Faith    .   (no shield)
rNeg    + . .      Spirit   .   a - +0 robe
rPois   ∞          Reflect  .   (no helmet)
rElec   +          Harm     .   (no cloak)
rCorr   +          Rampage  .   (no gloves)
Will    .....                   (no boots)
Stlth   ++........              (no amulet)
HPRegen 0.05/turn               g - ring of resist corrosion
MPRegen 0.09/turn               (no ring)

@: no status effects
A: sickness immunity, AC +2, negative energy resistance 1, electricity
resistance, torment resistance 1, petrification resistance
a: no special abilities


You were on level 2 of the Dungeon.
You visited 1 branch of the dungeon, and saw 2 of its levels.

You collected 90 gold pieces.

Inventory:

Armour
 a - a +0 robe (worn)
Jewellery
 g - a ring of resist corrosion (left hand)
Scrolls
 c - 2 scrolls of enchant armour {unknown}
 e - a scroll of poison {unknown}
Potions
 b - a potion of magic
 d - a potion of haste {unknown}
 f - 2 potions of curing


   Skills:
 - Level 1.5 Dodging
 - Level 2.1 Stealth
 + Level 2.4 Spellcasting
 - Level 0.7 Transmutations
 + Level 4.1 Earth Magic


You had 4 spell levels left.
You knew the following spells:

 Your Spells              Type           Power      Damage    Failure   Level
a - Sandblast             Erth           28%        2d8       4%          1

Your spell library contained the following spells:

 Spells                   Type           Power      Damage    Failure   Level
 Passwall                 Tmut/Erth      7%         N/A       12%         2
 Stone Arrow              Conj/Erth      14%        3d7       28%         3
 Ensorcelled Hibernation  Hex/Ice        2%         N/A       32%         2
 Swiftness                Air            1%         N/A       54%         3
 Petrify                  Tmut/Erth      9%         N/A       61%         4


Dungeon Overview and Level Annotations

Branches:
Dungeon (2/15)

Altars:

Shops:
D:1 ?[

Annotations:
D:2 Sigmund


Innate Abilities, Weirdness & Mutations

You are immune to sickness and miasma.
Your stone body is resilient. (AC +2)
You are immune to poison.
You resist negative energy. (rN+)
You are resistant to electric shocks. (rElec)
You are resistant to unholy torment.
You are immune to petrification.


Message History

You're too terrified to move while being watched!
You're too terrified to move while being watched!
You're too terrified to move while being watched!
You're too terrified to move while being watched!
Sigmund is nearby!
Sigmund gestures at you while chanting. You resist with significant effort.
It was a potion of curing.
You feel better. Sigmund barely misses you. Sigmund closely misses you.
Sigmund hits you but does no damage. Sigmund misses you.
Sigmund hits you from afar with a +0 scythe.
Sigmund closely misses you. Sigmund hits you but does no damage.
Sigmund gestures at you while chanting.
You are confused.
Your transformation is almost over.
Sigmund hits you but does no damage. Sigmund completely misses you.
Sigmund misses you. Sigmund closely misses you.
You feel less confused. Sigmund casts a spell at you. The magic dart hits you.
Sigmund barely misses you.
You stop sporulating.
Your +0 robe unmelds from your body.
Aiming: Sandblast (safe; 4% risk of failure)
Press: ? - help, Q - select action Shift-Dir - straight line, f/p - Sigmund
Aim: Sigmund, wielding a +0 scythe, wearing a +0 robe and carrying a wand of polymorph (7) (80% to hit)
The blast of sand hits Sigmund!
Sigmund is moderately wounded.
Sigmund zaps a wand.
You resist with significant effort.
Sigmund hits you from afar with a +0 scythe!
Ouch! That really hurt!
* * * LOW HITPOINT WARNING * * *
You feel better.
Sigmund hits you from afar with a +0 scythe!
Ouch! That really hurt!
You die...

#..... #<.... .
...#########.....
..
.................
..
#######.####.....
#. ######..#
#..... ..
##......## #.....
##@#..######
#..### #...@##
###.## #....###
#...# # #.?##.
#.### # .. # #.#
#### #####
#.###...
#...####.##..##
#..†##.(....###
#........#### #
#....#..#######


You could see Sigmund.

Vanquished Creatures
  A dart slug (D:2)
  2 goblins (D:1)
  2 hobgoblins (D:1)
  A ball python (D:1)
  A frilled lizard (D:1)
  2 kobolds
  A rat (D:1)
10 creatures vanquished.

Notes
Turn   | Place    | Note
-------+----------+-------------------------------------------
     0 | D:1      | quixfox the Gargoyle Earth Elementalist began the quest for
                  | the Orb.
     0 | D:1      | Reached XP level 1. HP: 10/10 MP: 3/3
    53 | D:1      | Found Fuhosuk's Magic Scroll Emporium.
   125 | D:1      | Found Woerpha's Armour Shop.
   482 | D:1      | Reached skill level 4 in Earth Magic
   482 | D:1      | Reached XP level 2. HP: 15/15 MP: 3/5
   793 | D:2      | Noticed Sigmund
   819 | D:2      | Slain by Sigmund

Illustrated notes

Levels and vault maps discovered:
D:1:      dpeg_arrival_rooms_with_view, layout_rooms, serial_shops, shop,
          nicolae_shop_competitors_out_of_business
D:2:      layout_rooms, uniq_sigmund

Skill      XL: |  1 |
---------------+----+-----
Earth Magic    | 4 |  4.1
Dodging        | |  1.5
Stealth        | |  2.1
Spellcasting   | |  2.4
Transmutations | |  0.7

Action                   || total
-------------------------++-------
 Cast: Sandblast         ||    17
  Use: Potion            ||     2
Armor: Skin              ||     3
Dodge: Dodged            ||     9

Table legend: (Time is in decaauts)
 A = Elapsed time spent in this place.
 B = Non-inter-level travel time spent in this place.
 C = Inter-level travel time spent in this place.
 D = Time resting spent in this place.
 E = Time spent auto-exploring this place.
 F = Levels seen in this place.
 G = Mean time per level.
                   A        B        C        D        E       F      G
               +--------+--------+--------+--------+--------+-----+--------+
         Total |    835 |    813 |     22 |      0 |    715 |   2 |  417.5 |
       Dungeon |    835 |    813 |     22 |      0 |    715 |   2 |  417.5 |
               +--------+--------+--------+--------+--------+-----+--------+

Top non-repeatable levels by time:
     D:1: 576 daAuts
     D:2: 258 daAuts
